 Dungeon Crawl Stone Soup version 0.28.0-45-g0d030f2227 (webtiles) character file.

Game seed: 16860284720329684912

407 Bruhh the Poker (level 6, 0/52 (53) HPs)
             Began as a Gnoll Chaos Knight on Apr 17, 2022.
             Was a Plaything of Xom.
             Slain by a gnoll shaman
             ... wielding a +0 club
              (3 damage)
             ... on level 3 of the Dungeon.
             The game lasted 00:10:59 (3729 turns).

Bruhh the Poker (Gnoll Chaos Knight)                Turns: 3729, Time: 00:10:59

HP:   0/52 (53)     AC:  4    Str: 19    XL:     6   Next: 88%
MP:   9/9           EV: 16    Int: 11    God:    Xom [...*..]
Gold: 184           SH:  0    Dex:  9    Spells: 9/9 levels left

rFire   . . .      SeeInvis .   a - +0 spear (chaos)
rCold   . . .      Faith    .   (no shield)
rNeg    . . .      Spirit   .   n - +1 leather armour of Sarips {+Inv Str+5}
rPois   .          Reflect  .   (no helmet)
rElec   .          Harm     .   (no cloak)
rCorr   .          Rampage  .   (no gloves)
Will    .....                   (no boots)
Stlth   +.........              (no amulet)
HPRegen 0.17/turn               e - +4 ring of evasion
MPRegen 0.11/turn               (no ring)

@: lit by a corona, glowing, lightly drained, unable to read
A: fangs 1, strong nose, distributed training, clumsy 1, inability to read while
threatened
a: Renounce Religion, Evoke Invisibility


You were on level 3 of the Dungeon.
You worshipped Xom.
You were a favourite toy of Xom.
You visited 1 branch of the dungeon, and saw 4 of its levels.

You collected 184 gold pieces.

Inventory:

Hand Weapons
 a - a +0 spear of chaos (weapon)
 j - a +0 scythe of protection
Missiles
 g - a throwing net
 i - 2 poisoned darts (quivered)
Armour
 b - a +2 leather armour
 f - a +0 chain mail
 n - the +1 leather armour of Sarips (worn) {+Inv Str+5}
   (You found it on level 3 of the Dungeon)

   Str:       It affects your strength (+5).
   +Inv:      It lets you turn invisible.
Jewellery
 e - a +4 ring of evasion (left hand)
Scrolls
 c - a scroll of torment {unknown}
 d - a scroll of noise {unknown}
 k - a scroll of identify {unknown}
Potions
 h - a potion of mutation {unknown}
 l - a potion of invisibility {unknown}
 m - a potion of lignification {unknown}
 o - a potion of might {unknown}
 p - 2 potions of brilliance


   Skills:
 + Level 6.9 Fighting
 + Level 2.1 Short Blades
 + Level 2.1 Long Blades
 + Level 2.1 Axes
 + Level 2.1 Maces & Flails
 + Level 6.9 Polearms
 + Level 2.1 Staves
 + Level 2.1 Slings
 + Level 2.1 Bows
 + Level 2.1 Crossbows
 + Level 2.1 Throwing
 + Level 5.0 Armour
 + Level 3.3 Dodging
 + Level 2.1 Stealth
 + Level 2.1 Shields
 + Level 2.1 Unarmed Combat
 + Level 2.1 Spellcasting
 + Level 1.7 Conjurations
 + Level 1.7 Hexes
 + Level 1.7 Summonings
 + Level 1.7 Necromancy
 + Level 1.7 Translocations
 + Level 1.7 Transmutations
 + Level 1.7 Fire Magic
 + Level 1.7 Ice Magic
 + Level 1.7 Air Magic
 + Level 1.7 Earth Magic
 + Level 1.7 Poison Magic
 + Level 2.3 Invocations
 + Level 2.1 Evocations


You had 9 spell levels left.
You didn't know any spells.
Your spell library was empty.

Dungeon Overview and Level Annotations

Branches:
Dungeon (4/15)
 Temple: D:4-7

Altars:

Annotations:
D:3 1 runed translucent door, hitsuchi's ghost, amateur DEWz
D:4 Grinder


Innate Abilities, Weirdness & Mutations

You have very sharp teeth.
Your uncanny sense of smell can sniff out nearby items.
Your experience applies equally to all skills.
You are clumsy. (Dex -2)
You sometimes lose the ability to read scrolls when taking damage.


Message History

Beogh smites you!
You feel threatened and lose the ability to read scrolls!
You are too injured to fight recklessly!
You are too injured to fight recklessly!
You are too injured to fight recklessly!
The gnoll shaman calls down the wrath of its god upon you.
You are outlined in light.
A ball python comes into view.
You hit the gnoll shaman but do no damage.
The gnoll shaman becomes momentarily stuck in the liquid earth.
The gnoll shaman hits you with a +0 club.
The gnoll shaman hits you with a +0 club!
* * * LOW HITPOINT WARNING * * *
The orc hits you with a +1 dagger of freezing.
* * * LOW HITPOINT WARNING * * *
The orc freezes you.
* * * LOW HITPOINT WARNING * * *
There is a stone staircase leading up, spattered with blood here.
The gnoll shaman closely misses you.
The orc priest looks encouraged for a moment.
The orc hits you but does no damage.
You climb upwards.
Level annotation: 1 runed translucent door, hitsuchi's ghost, amateur DEWz
There is a stone staircase leading down here.
The gnoll shaman barely misses you.
You hit the gnoll shaman but do no damage.
The orc hits you but does no damage.
You hit the gnoll shaman but do no damage.
The ground is no longer liquid beneath you.
The gnoll shaman hits you with a +0 club.
* * * LOW HITPOINT WARNING * * *
You barely miss the gnoll shaman. The orc closely misses you.
The gnoll shaman hits you with a +0 club.
* * * LOW HITPOINT WARNING * * *
You hit the gnoll shaman.
The gnoll shaman suddenly seems more agile.
The gnoll shaman is moderately wounded.
The orc hits you but does no damage.
The gnoll shaman hits you with a +0 club.
You die...

######## ##......##
##........## #..........#####
#.............<# #######
#.)............# #.....#
#.go...........#
#######.....###.@))..........#
.............................#
#######.....##...............#
....#####.####...............#
###........# #...............#
###......###...........#####
#....................#
##..................##
#.................##


You could see a gnoll shaman (agile) and an orc.

Vanquished Creatures
  Sigmund (D:2)
  A water moccasin (D:3)
  4 gnolls
  4 adders
  3 worms (D:2)
  2 dart slugs
  7 endoplasms
  7 goblins
  3 hobgoblins
  5 jackals
  5 kobolds
  2 quokkas (D:2)
  4 ball pythons
  5 bats
  3 frilled lizards
  7 rats
63 creatures vanquished.

Vanquished Creatures (collateral kills)
  A ball python (D:2)
1 creature vanquished.

Grand Total: 64 creatures vanquished

Notes
Turn   | Place    | Note
-------+----------+-------------------------------------------
     0 | D:1      | Bruhh the Gnoll Chaos Knight began the quest for the Orb.
     0 | D:1      | Reached XP level 1. HP: 23/23 MP: 1/1
   176 | D:1      | Reached XP level 2. HP: 23/29 MP: 2/2
   693 | D:2      | Reached XP level 3. HP: 29/35 MP: 3/3
   788 | D:2      | Noticed Sigmund
   791 | D:2      | XOM: enchant monster (good)
   830 | D:2      | XOM: chaos cloud
   837 | D:2      | XOM: silly message
   840 | D:2      | Reached skill level 1 in Invocations
   843 | D:2      | Paralysed by you for 3 turns
   846 | D:2      | XOM: butterfly on damage
   892 | D:2      | XOM: noise
   998 | D:2      | XOM: summons 3 friendly demons
  1002 | D:2      | Killed Sigmund
  1003 | D:2      | Reached skill level 1 in Short Blades
  1003 | D:2      | Reached skill level 1 in Long Blades
  1003 | D:2      | Reached skill level 1 in Axes
  1003 | D:2      | Reached skill level 1 in Maces & Flails
  1003 | D:2      | Reached skill level 1 in Staves
  1003 | D:2      | Reached skill level 1 in Slings
  1003 | D:2      | Reached skill level 1 in Bows
  1003 | D:2      | Reached skill level 1 in Crossbows
  1003 | D:2      | Reached skill level 1 in Throwing
  1003 | D:2      | Reached skill level 1 in Stealth
  1003 | D:2      | Reached skill level 1 in Shields
  1003 | D:2      | Reached skill level 1 in Unarmed Combat
  1003 | D:2      | Reached skill level 1 in Spellcasting
  1003 | D:2      | Reached skill level 1 in Conjurations
  1003 | D:2      | Reached skill level 1 in Hexes
  1003 | D:2      | Reached skill level 1 in Summonings
  1003 | D:2      | Reached skill level 1 in Necromancy
  1003 | D:2      | Reached skill level 1 in Translocations
  1003 | D:2      | Reached skill level 1 in Transmutations
  1003 | D:2      | Reached skill level 1 in Fire Magic
  1003 | D:2      | Reached skill level 1 in Ice Magic
  1003 | D:2      | Reached skill level 1 in Air Magic
  1003 | D:2      | Reached skill level 1 in Earth Magic
  1003 | D:2      | Reached skill level 1 in Poison Magic
  1003 | D:2      | Reached skill level 1 in Evocations
  1003 | D:2      | Reached XP level 4. HP: 15/41 MP: 4/6
  1003 | D:2      | Reached XP level 5. HP: 17/47 MP: 4/7
  1273 | D:2      | Found a faded altar of an unknown god.
  1555 | D:2      | Reached XP level 6. HP: 49/53 MP: 8/8
  2026 | D:3      | Identified the +1 leather armour of Sarips {+Inv Str+5}
  2160 | D:3      | XOM: give mutations
  2160 | D:3      | Gained mutation: You are clumsy. (Dex -2) [Xom's mischief]
  2160 | D:3      | Gained mutation: You sometimes lose the ability to read
                  | scrolls when taking damage. [Xom's mischief]
  2280 | D:3      | XOM: stat loss: -1 Str (18/19)
  2307 | D:3      | Found a runed translucent door.
  2307 | D:3      | Noticed hitsuchi's ghost (amateur DEWz)
  2354 | D:3      | XOM: noise
  2404 | D:4      | Noticed a water moccasin
  2407 | D:4      | Noticed Grinder
  2412 | D:4      | Paralysed by Grinder for 5 turns
  2414 | D:4      | XOM: draining
  2429 | D:3      | Killed a water moccasin
  2430 | D:3      | Reached skill level 5 in Armour
  2906 | D:3      | XOM: torment (27/51 hp)
  3307 | D:4      | XOM: chaos cloud
  3633 | D:3      | XOM: confuse monster(s)
  3704 | D:4      | XOM: cast spell 'Leda's Liquefaction'
  3729 | D:3      | Slain by a gnoll shaman

Illustrated notes

Levels and vault maps discovered:
D:1:      beargit_arrival_diablo_church, layout_basic
D:2:      layout_loops_ring, hellmonk_ecumenical_altar_run_dry,
          lightli_corner_chamber, uniq_sigmund
D:3:      layout_rooms, gammafunk_ghost_grave
D:4:      layout_cave_pools, yredelemnul_altar_generic,
          mainiacjoe_overflow_cross_hatched, mainiacjoe_overflow_brackets,
          nicolae_ossuary_entry_monument, minmay_manual_moon, uniq_grinder

Skill      XL: |  1  2  3  4  5  6 |
---------------+-------------------+-----
Invocations    | 1 2 |  2.3
Short Blades   | 1 2 |  2.1
Long Blades    | 1 2 |  2.1
Axes           | 1 2 |  2.1
Maces & Flails | 1 2 |  2.1
Staves         | 1 2 |  2.1
Slings         | 1 2 |  2.1
Bows           | 1 2 |  2.1
Crossbows      | 1 2 |  2.1
Throwing       | 1 2 |  2.1
Dodging        | 3 |  3.3
Stealth        | 1 2 |  2.1
Shields        | 1 2 |  2.1
Unarmed Combat | 1 2 |  2.1
Spellcasting   | 1 2 |  2.1
Conjurations   | 1 |  1.7
Hexes          | 1 |  1.7
Summonings     | 1 |  1.7
Necromancy     | 1 |  1.7
Translocations | 1 |  1.7
Transmutations | 1 |  1.7
Fire Magic     | 1 |  1.7
Ice Magic      | 1 |  1.7
Air Magic      | 1 |  1.7
Earth Magic    | 1 |  1.7
Poison Magic   | 1 |  1.7
Evocations     | 1 2 |  2.1
Armour         | 5 |  5.0
Fighting       | |  6.9
Polearms       | |  6.9

Action                   |  1- 3 |  4- 6 || total
-------------------------+-------+-------++-------
Melee: Spear             |   101 |   133 ||   234
       Bite              |     6 |     9 ||    15
       Scythe            |       |     1 ||     1
       Punch             |       |     1 ||     1
  Use: Potion            |       |     2 ||     2
 Stab: Invisible         |     1 |       ||     1
       Confused          |       |     1 ||     1
Armor: Leather armour    |     4 |    20 ||    24
       Chain mail        |    25 |    15 ||    40
Dodge: Dodged            |    39 |    98 ||   137
